 Dungeon Crawl Stone Soup version 0.29-a0-275-g389c0b56f3 (webtiles) character file.

Game seed: 5985989285865501765

249 spaghetti the Magician (level 5, -2/38 HPs)
             Began as a Demonspawn Hedge Wizard on Mar 12, 2022.
             Slain by a jelly (3 damage)
             ... on level 5 of the Dungeon.
             The game lasted 00:05:20 (3994 turns).

spaghetti the Magician (Demonspawn Hedge Wizard)    Turns: 3994, Time: 00:05:20

Health: -2/38      AC: -1    Str: 11    XL:     5   Next: 86%
Magic:  9/14       EV: 12    Int: 21    God:
Gold:   115        SH:  0    Dex: 12    Spells: 7/18 levels left

rFire   . . .      SeeInvis .   a - +1 dagger {short}
rCold   . . .      Faith    .   (no shield)
rNeg    . . .      Spirit   .   b - +0 robe
rPois   .          Reflect  .   c - +0 hat
rElec   .          Harm     .   (no cloak)
rCorr   .          Rampage  .   e - +0 pair of gloves
Will    .....                   (no boots)
Stlth   ++........              (no amulet)
HPRegen 0.12/turn               (no ring)
MPRegen 0.14/turn               (no ring)

@: corroded
A: big brain 2, weakness stinger 1
a: no special abilities


You were on level 5 of the Dungeon.
You visited 1 branch of the dungeon, and saw 5 of its levels.

You collected 115 gold pieces.


Innate Abilities, Weirdness & Mutations

You have an extremely huge brain. (Int +4)
You have a small tail.


   Skills:
 - Level 2.0 Fighting
 - Level 1.7 Dodging
 - Level 1.7 Stealth
 + Level 7.4 Spellcasting
 - Level 6.4 Conjurations
 - Level 1.0 Summonings
 - Level 0.8 Translocations


You had 7 spell levels left.
You knew the following spells:

 Your Spells              Type           Power      Damage    Failure   Level
a - Magic Dart            Conj           100%       1d8       1%          1
b - Conjure Flame         Conj/Fire      21%        6-21      7%          3
c - Call Imp              Summ           12%        N/A       9%          2
d - Blink                 Tloc           22%        N/A       9%          2
e - Mephitic Cloud        Conj/Pois/Air  16%        N/A       11%         3

Your spell library contained the following spells:

 Spells                   Type           Power      Damage    Failure   Level
 Slow                     Hex            28%        N/A       9%          1

Inventory:

Hand Weapons
 a - a +1 dagger (weapon) {short}
 i - a +3 short sword {short}
   (You found it on level 3 of the Dungeon)
Missiles
 f - 93 stones {throwing}
 g - 4 poisoned darts {throwing}
 l - a throwing net {=f!fthrowing}
Armour
 b - a +0 robe (worn)
 c - a +0 hat (worn)
 e - a +0 pair of gloves (worn)
   (You found it on level 1 of the Dungeon)
Jewellery
 k - an amulet of regeneration {@e2}
   (You found it on level 2 of the Dungeon)
Scrolls
 h - 2 scrolls of fog
 j - 2 scrolls of teleportation {@r4}
 m - 2 scrolls of enchant armour
Potions
 d - a potion of magic

Dungeon Overview and Level Annotations

Branches:
Dungeon (5/15)
 Temple: D:4-7

Altars:
Hepliaklqana

Annotations:
D:2 1 runed translucent door, Crazy Yiuf
D:5 2 runed translucent doors

#. $..
#. .. +
.. .. #.
.# #.
#.#.#
#.. s.
...
#.##s
#J#
####..##
#@#
#.......
#.#
...##..
..#
.##..##.
...#
#.....>.
#....
........
#....
.......†
#....
........
#.....
........
........


You could see a jelly.


Message History

There are monsters nearby!
There are monsters nearby!
There are monsters nearby!
The magic dart hits the endoplasm.
The endoplasm quivers.
The hobgoblin shouts!
You hear an angry buzzing noise.
An adder comes into view.
A killer bee comes into view. 😎 MP[-1]
You lost 1 mp, and now have 11/14 mp.
You hit the endoplasm. You tail-slap the endoplasm.
You kill the endoplasm!
The hobgoblin hits you. 😕 HP[-2]
You take 2 damage, and now have 36/38 hp.
You hit the hobgoblin but do no damage.
A killer bee comes into view.
The hobgoblin completely misses you.
You hit the hobgoblin.
You kill the hobgoblin!
A killer bee comes into view.
You barely miss the killer bee.
The killer bee buzzes angrily.
Your tail-slap misses the killer bee.
The killer bee stings you. The worm closely misses you.
The killer bee stings you.
You are poisoned.
The killer bee poisons you! 😕 HP[-6]
You take 6 damage, and now have 30/38 hp.
You feel sick. The killer bee stings you. x2
You climb downwards.
Level annotation: 2 runed translucent doors You feel sick.
The centaur shoots an arrow.
The arrow hits you.
* * * LOW HITPOINT WARNING * * *
The centaur shoots an arrow.
The arrow barely misses you.
There is a stone staircase leading up, spattered with blood here. 😨 HP[-12] MP[+1]
You take 12 damage, and now have 18/38 hp.
MASSIVE DAMAGE!! (PAUSE) Unknown command.
As you read the scroll of teleportation {@r4}, it crumbles to dust.
You feel strangely unstable.
You feel sick. The killer bee stings you!
* * * LOW HITPOINT WARNING * * *
The centaur unwields a +0 shortbow.
The centaur barely misses you. The centaur kicks you.
* * * LOW HITPOINT WARNING * * *
The worm barely misses you.
The killer bee barely misses you. 😱 HP[-10]
You take 10 damage, and now have 8/38 hp.
MASSIVE DAMAGE!! (PAUSE)
Okay, then.
Casting: Magic Dart (safe; 1% risk of failure)
Confirm with . or Enter, or press ? or * to list all spells.
Aiming: Mephitic Cloud (dangerous; 11% risk of failure)
Press: ? - help, Shift-Dir - straight line, f - centaur
Aim: a centaur (chance to affect: 81%) That beam is likely to hit you.
Continue anyway?
The ball explodes into a vile cloud!
The stinking cloud engulfs the centaur but does no damage.
The stinking cloud engulfs the worm but does no damage.
The stinking cloud engulfs you but does no damage.
The stinking cloud engulfs the killer bee but does no damage.
You are engulfed in noxious fumes.
You feel sick.
You hear a shout!
The killer bee is engulfed in noxious fumes.
The killer bee appears confused.
The killer bee stings you but does no damage.
The centaur is engulfed in noxious fumes.
The centaur appears confused.
The centaur hits you but does no damage.
The centaur barely misses you.
The killer bee is engulfed in noxious fumes.
The killer bee appears confused.
The killer bee stings the worm. 😱 MP[-3]
You lost 3 mp, and now have 9/14 mp.
Unknown command.
Unknown command.
Okay, then.
You feel sick.
The centaur is engulfed in noxious fumes.
The centaur appears confused.
The centaur hits the killer bee.
The centaur closely misses the killer bee.
The killer bee is engulfed in noxious fumes.
The worm is engulfed in noxious fumes.
The worm appears confused.
The centaur is engulfed in noxious fumes.
The centaur appears confused. 😱 HP[-1]
You take 1 damage, and now have 7/38 hp.
Unknown command.
Your surroundings suddenly seem different.
A jelly comes into view.
You feel sick.
You are no longer poisoned. 😱 HP[-1]
You take 1 damage, and now have 6/38 hp.
The helpless jelly fails to defend itself.
You hit the jelly. The acid corrodes you!
Your hands burn!
* * * LOW HITPOINT WARNING * * *
The jelly hits you.
You die...

Skill      XL: |  1  2  3  4  5 |
---------------+----------------+-----
Spellcasting   | 7 |  7.4
Conjurations   | 6 |  6.4
Fighting       | 1 2 |  2.0
Dodging        | |  1.7
Stealth        | |  1.7
Summonings     | |  1.0
Translocations | |  0.8

Action                   |  1- 3 |  4- 6 || total
-------------------------+-------+-------++-------
Melee: Dagger            |    29 |    17 ||    46
       Tailslap          |       |     5 ||     5
 Cast: Magic Dart        |    60 |   109 ||   169
       Mephitic Cloud    |       |     1 ||     1
  Use: Potion            |     2 |       ||     2
       Scroll            |       |     6 ||     6
 Stab: Distracted        |       |     1 ||     1
       Sleeping          |       |     1 ||     1
Armor: Robe              |     8 |     4 ||    12
Dodge: Dodged            |    29 |    17 ||    46

Levels and vault maps discovered:
D:1:      minmay_arrival_stair_chambers, layout_basic,
          dreamdust_ecumenical_altar_grove
D:2:      minmay_skewed_foursquare, layout_basic, amethyst_killhole,
          nicolae_grassy_gnolls, uniq_crazy_yiuf_cottage
D:3:      layout_basic, worldfamousw_hep_ancestral_shrine,
          mainiacjoe_overflow_alcove_2
D:4:      layout_rooms, uniq_edmund, uniq_pikel, uniq_robin
D:5:      layout_rooms, nicolae_qazlal_general_emergency,
          mainiacjoe_overflow_surrounded_room,
          minmay_guarded_unrand_staff_of_olgreb

Notes
Turn   | Place    | Note
-------+----------+-------------------------------------------
     0 | D:1      | spaghetti the Demonspawn Hedge Wizard began the quest for
                  | the Orb.
     0 | D:1      | Reached XP level 1. HP: 13/13 MP: 4/4
     0 | D:1      | magus.rc [v1.9.6]
   391 | D:1      | Found a faded altar of an unknown god.
   459 | D:1      | Gained mutation: You have an unusually large brain. (Int
                  | +2) [demonic ancestry]
   459 | D:1      | Reached XP level 2. HP: 7/19 MP: 1/6
  1078 | D:1      | Identified a potion of experience
  1078 | D:1      | Reached skill level 7 in Spellcasting
  1078 | D:1      | Reached skill level 6 in Conjurations
  1078 | D:1      | Gained mutation: You have a small tail. [demonic ancestry]
  1078 | D:1      | Reached XP level 3. HP: 10/24 MP: 0/11
  1089 | D:1      | HP: 6/24 [goblin/+0 club (2)]
  1387 | D:1      | Learned a level 3 spell: Conjure Flame
  1390 | D:1      | Learned a level 2 spell: Call Imp
  1393 | D:1      | Learned a level 2 spell: Blink
  1397 | D:1      | Learned a level 3 spell: Mephitic Cloud
  2089 | D:2      | Found a runed translucent door.
  2090 | D:2      | Noticed Crazy Yiuf
  2173 | D:2      | Reached XP level 4. HP: 31/31 MP: 10/13
  2473 | D:2      | Reached skill level 1 in Fighting
  2852 | D:2      | Gained mutation: You have an extremely huge brain. (Int +4)
                  | [demonic ancestry]
  2852 | D:2      | Reached XP level 5. HP: 38/38 MP: 11/14
  3109 | D:3      | Reached skill level 2 in Fighting
  3582 | D:3      | Found a hazy altar of Hepliaklqana.
  3973 | D:3      | You fall into a shaft and drop 2 floors!
  3973 | D:5      | Entered Level 5 of the Dungeon
  3973 | D:5      | Noticed a redback
  3973 | D:5      | Noticed a redback
  3973 | D:5      | Found a runed translucent door.
  3973 | D:5      | Found a runed translucent gate.
  3979 | D:5      | Noticed a centaur
  3990 | D:5      | HP: 8/38 [centaur (2)]
  3994 | D:5      | HP: 1/38 [acid (5)]
  3994 | D:5      | Slain by a jelly

Vanquished Creatures
  6 gnolls
  7 adders
  2 worms
  A dart slug (D:1)
  An orc (D:3)
  7 ball pythons
  4 bats
  11 endoplasms
  4 giant cockroaches
  8 goblins
  9 hobgoblins
  4 jackals (D:3)
  6 quokkas
  7 kobolds
  5 rats
82 creatures vanquished.

Vanquished Creatures (others)
  16 plants (D:2)
16 creatures vanquished.

Grand Total: 98 creatures vanquished

Table legend:
 A = Non-vault XP
 B = Vault XP
 C = Vault XP percentage of total XP
 D = Non-vault monster count
 E = Vault monster count
 F = Vault count percentage of total count
                 A         B        C        D         E       F
            +---------+---------+-------+---------+---------+-------
      Total |     261 |      50 |  16.1 |      75 |       7 |   8.5
            +---------+---------+-------+---------+---------+-------
        D:1 |      42 |       0 |   0.0 |      23 |       0 |   0.0
        D:2 |      73 |      50 |  40.7 |      21 |       7 |  25.0
        D:3 |     128 |       0 |   0.0 |      28 |       0 |   0.0
        D:4 |       4 |       0 |   0.0 |       2 |       0 |   0.0
        D:5 |      14 |       0 |   0.0 |       1 |       0 |   0.0
            +---------+---------+-------+---------+---------+-------

Illustrated notes

Table legend:
 A = Kills in this place as a percentage of kills in entire the game.
 B = Kills by you in this place as a percentage of kills by you in the entire game.
 C = Kills by friends in this place as a percentage of kills by friends in the entire game.
 D = Other kills in this place as a percentage of other kills in the entire game.
 E = Experience gained in this place as a percentage of experience gained in the entire game.
 F = Experience gained in this place divided by the number of levels of this place that you have seen.
                   A       B       C       D       E      F
               +-------+-------+-------+-------+-------+----------------------
         Total | 100.0 | 100.0 |   N/A |   N/A | 100.0 |  62.2
       Dungeon | 100.0 | 100.0 |   N/A |   N/A | 100.0 |  62.2
               +-------+-------+-------+-------+-------+----------------------

Table legend: (Time is in decaauts)
 A = Elapsed time spent in this place.
 B = Non-inter-level travel time spent in this place.
 C = Inter-level travel time spent in this place.
 D = Time resting spent in this place.
 E = Time spent auto-exploring this place.
 F = Levels seen in this place.
 G = Mean time per level.
                   A        B        C        D        E       F      G
               +--------+--------+--------+--------+--------+-----+--------+
         Total |   3994 |   3889 |    105 |    491 |   2997 |   5 |  798.8 |
       Dungeon |   3994 |   3889 |    105 |    491 |   2997 |   5 |  798.8 |
               +--------+--------+--------+--------+--------+-----+--------+

Top non-repeatable levels by time:
     D:1: 2037 daAuts
     D:2: 998 daAuts
     D:3: 937 daAuts
     D:5: 14 daAuts
     D:4: 6 daAuts
